 Dungeon Crawl Stone Soup version 0.21.1-1-g345015fe64 (webtiles) character file.

314 NullDivider the Charlatan (level 6, -1/32 HPs)
             Began as a Spriggan Artificer on Apr 1, 2018.
             Slain by an orc priest
             ... wielding a +0 mace
              (6 damage)
             ... on level 3 of the Dungeon.
             The game lasted 00:14:41 (4976 turns).

NullDivider the Charlatan (Spriggan Artificer)      Turns: 4976, Time: 00:14:42

Health: -1/32      AC:  2    Str:  8    XL:     6   Next: 19%
Magic:  10/10      EV: 21    Int: 12    God:
Gold:   110        SH:  0    Dex: 19    Spells: 5/5 levels left

rFire    . . .     SeeInvis +   a - +0 short sword
rCold    . . .     Gourm    .   (shield restricted)
rNeg     . . .     Faith    .   p - +0 robe {MR+}
rPois    .         Spirit   .   (helmet restricted)
rElec    .         Reflect  .   (no cloak)
rCorr    .         Harm     .   (gloves unavailable)
MR       ++...                  (boots unavailable)
Stlth    +++.......             (no amulet)
HPRegen  0.10/turn              (no ring)
MPRegen  0.12/turn              (no ring)

@: very quick
A: very small, unfitting armour, see invisible, herbivore, speed 3, slow
metabolism 2
a: no special abilities


You were on level 3 of the Dungeon.
You were not hungry.

You visited 1 branch of the dungeon, and saw 3 of its levels.

You collected 110 gold pieces.

Inventory:

Hand Weapons
 a - a +0 short sword (weapon)
Armour
 p - a +0 robe of magic resistance (worn)
Jewellery
 o - an uncursed ring of ice
Wands
 d - a wand of enslavement (13)
 e - a wand of random effects (14)
Scrolls
 g - 2 scrolls of remove curse {unknown}
 i - a scroll of fog {unknown}
 k - a scroll of enchant weapon {unknown}
 l - 2 scrolls of teleportation {unknown}
 q - a scroll of fear {unknown}
 s - 4 scrolls of identify {unknown}
 t - a scroll of random uselessness {unknown}
Potions
 b - a potion of brilliance {unknown}
 h - 6 potions of curing {unknown}
 j - 3 potions of flight {unknown}
 m - a potion of agility {unknown}
 n - a potion of mutation {unknown}
 r - a potion of magic {unknown}
 u - a potion of lignification {unknown}
Comestibles
 f - 4 rations


   Skills:
 * Level 3.0 Fighting
 + Level 2.7 Short Blades
 + Level 4.7 Dodging
 + Level 4.3 Stealth
 + Level 5.1 Evocations


You had 5 spell levels left.
You didn't know any spells.

Dungeon Overview and Level Annotations

Branches:
Dungeon (3/15)

Altars:


Innate Abilities, Weirdness & Mutations

You are very small and have problems with some larger weapons.
You are too small for most types of armour.
You have supernaturally acute eyesight. (SInv)
You are a herbivore.
You cover ground extremely quickly.
You need consume almost no food.


Message History

The orc priest is heavily wounded.
The orc priest miscasts a cantrip.
You hit the orc priest.
The orc priest is severely wounded.
The orc priest hits you but does no damage.
You hit the orc priest but do no damage.
The orc priest is severely wounded.
The orc priest mumbles some strange prayers to Beogh against you.
Beogh smites you!
* * * LOW HITPOINT WARNING * * *
You hit the orc priest but do no damage.
The orc priest is severely wounded.
The orc priest misses you.
You hit the orc priest.
The orc priest is almost dead.
The orc priest miscasts a cantrip.
You hit the orc priest but do no damage.
The orc priest is almost dead.
The orc priest hits you with a mace.
You die...

#.†####)# ##'## #... #.......#
##...## ##.# #..###..# ##.....##
####.# #.......# ##.......##
##.##.#
#####.#...####.........####...#.#
.............[.........+........#
#####.#...####.........####...#.#
#.#...# ##.......## ##.##.#
#.#.#.# ##@....## ##...# #.....#
##o..## #.### ###.### ##.## #.#
#. ##.#.# #.# ######<###.## #.#
#.....## ##.# #.# #.####.###.###
#.# #.....##....#....# #.#
########.##...##.######.#


You could see an orc priest.

Vanquished Creatures
  Sigmund (D:2)
  An orc wizard (D:2)
  A worker ant (D:2)
  3 gnolls (D:2)
  An adder (D:2)
  A worm (D:2)
  A dart slug (D:1)
  7 orcs
  5 bats
  2 giant cockroaches (D:2)
  7 goblins
  4 hobgoblins
  2 jackals (D:1)
  3 kobolds
  3 quokkas
  A ball python (D:3)
  A frilled lizard (D:2)
  9 rats
53 creatures vanquished.

Vanquished Creatures (collateral kills)
  An orc wizard (D:3)
1 creature vanquished.

Grand Total: 54 creatures vanquished

Notes
Turn   | Place    | Note
-------+----------+-------------------------------------------
     0 | D:1      | NullDivider the Spriggan Artificer began the quest for the Orb.
     0 | D:1      | Reached XP level 1. HP: 9/9 MP: 4/4
   134 | D:1      | Reached skill level 1 in Fighting
   573 | D:1      | Reached XP level 2. HP: 8/14 MP: 6/6
  1727 | D:2      | Noticed Sigmund
  1733 | D:2      | Killed Sigmund
  1733 | D:2      | Reached XP level 3. HP: 19/19 MP: 7/7
  1733 | D:2      | Reached XP level 4. HP: 23/23 MP: 8/8
  1733 | D:2      | Reached XP level 5. HP: 27/27 MP: 9/9
  3250 | D:2      | Reached skill level 5 in Evocations
  3826 | D:2      | Reached XP level 6. HP: 6/32 MP: 10/10
  4976 | D:3      | Slain by an orc priest

Skill      XL: |  1  2  3  4  5  6 |
---------------+-------------------+-----
Fighting       | 1 2 3 |  3.0
Stealth        | 2 3 4 |  4.3
Short Blades   | 2 |  2.7
Dodging        | 4 |  4.7
Evocations     | 5 |  5.1

Action                   |  1- 3 |  4- 6 || total
-------------------------+-------+-------++-------
Melee: Short sword       |    64 |   221 ||   285
Evoke: Wand              |     4 |    14 ||    18
 Stab: Sleeping          |     3 |     1 ||     4
       Distracted        |       |     1 ||     1
  Eat: Ration            |       |     1 ||     1
Armor: Robe              |     4 |     8 ||    12
Dodge: Dodged            |    49 |   177 ||   226
